 Seeded DCSS version 0.31-a0-977-gc230f8ef24 (webtiles) character file.

Game seed: 2954187639400825480 (custom seed)

11417 timneilson the Grappler (level 11, -3/75 HPs)
             Began as an Octopode Shapeshifter on Oct 30, 2023.
             Slain by a four-headed hydra (8 damage)
             ... on level 9 of the Dungeon.
             The game lasted 00:33:53 (11427 turns).

timneilson the Grappler (Octopode Shapeshifter)    Turns: 11427, Time: 00:33:54

Health: -3/75      AC:  5    Str: 19    XL:     11   Next: 77%
Magic:  18/18      EV: 20    Int: 12    God:
Gold:   525        SH:  0    Dex: 11    Spells: 15/19 levels left

rFire   . .          .
                       - Unarmed
rCold   . . .        q - melded +1 kite shield
rNeg    . . .        (helmet restricted)
rPois   .            F - amulet of the acrobat
rElec   .            g - +4 ring of slaying
rCorr   .            B - +5 ring of evasion
SInv    .            G - +4 ring of protection
Will    .....        (no ring)
Stlth   ++           (no ring)
HPRegen 0.32/turn    (no ring)
MPRegen 0.16/turn    (no ring)
                     (no ring)

%: acrobat
@: flux-form, glowing
A: glow, contaminating, almost no armour, amphibious, 8 rings, camouflage 1,
gelatinous body 1, (nimble swimmer 1), tentacles
a: Begin Untransformation


You were on level 9 of the Dungeon.
You were something dangerously unstable.
You visited 2 branches of the dungeon, and saw 11 of its levels.
You also visited: Sewer.

You collected 551 gold pieces.
You spent 26 gold pieces at shops.

Inventory:

Armour
 i - a +1 hat
 q - a +1 kite shield (melded)
Jewellery
 g - a +4 ring of slaying (left tentacle)
 t - a ring of fire
 B - a +5 ring of evasion (right tentacle)
 F - an amulet of the acrobat (around mantle)
 G - a +4 ring of protection (on tentacle)
Talismans
 b - a beast talisman
 c - a flux talisman (active)
 r - a blade talisman
Wands
 j - a wand of roots (18)
 k - a wand of flame (46)
 y - a wand of digging (2)
Scrolls
 f - 9 scrolls of teleportation
 l - 2 scrolls of poison
 m - 4 scrolls of blinking
 v - 2 scrolls of immolation
 x - 2 scrolls of fear
 z - 2 scrolls of fog
 C - 2 scrolls of enchant weapon
Potions
 a - 4 potions of lignification
 d - 2 potions of enlightenment
 e - 4 potions of curing
 h - 5 potions of attraction
 n - 2 potions of cancellation {unknown}
 o - a potion of haste {unknown}
 p - 3 potions of brilliance
 s - 2 potions of mutation {unknown}
 u - a potion of degeneration {unknown}
 A - a potion of resistance {unknown}
 E - 2 potions of magic {unknown}
 H - 2 potions of ambrosia


   Skills:
 * Level 7.5 Fighting
 * Level 7.7 Dodging
 + Level 7.2 Stealth
 + Level 4.9 Shields
 * Level 8.1 Unarmed Combat
 + Level 4.8 Spellcasting
 + Level 1.6 Translocations
 + Level 1.4 Air Magic
 + Level 5.4 Evocations
 * Level 7.5 Shapeshifting


You had 15 spell levels left.
You knew the following spells:

 Your Spells              Type           Power      Damage    Failure   Level
a - Vhi's Electric Charg  Tloc/Air       12%        N/A       71%         4

Your spell library contained the following spells:

 Spells                   Type           Power      Damage    Failure   Level
 Summon Small Mammal      Summ           8%         N/A       21%         1
 Call Canine Familiar     Summ           2%         N/A       52%         3
 Summon Guardian Golem    Hex/Summ       2%         N/A       52%         3
 Arcjolt                  Conj/Air       2%         1d12      99%         5
 Plasma Beam              Fire/Air       2%         2x1d12    100%        6


Dungeon Overview and Level Annotations

Branches:
Dungeon (10/15)            Temple (1/1) D:7            Lair (0/5) D:9
  Sewer (visited)
    Orc: D:9-12

Altars:
Ashenzari
Cheibriados
Dithmenos
Hepliaklqana
Makhleb
Nemelex Xobeh
Ru
Sif Muna
Uskayaw
Vehumet
Wu Jian
Xom
Yredelemnul
Zin
The Shining One

Shops:
D:1 *   D:2 *(   D:3 (*   D:4 *   D:6 ?[!(   D:8 (

Annotations:
D:5 1 runed translucent door, Crazy Yiuf
D:7 exclusion: statue


Innate Abilities, Weirdness & Mutations

You are something dangerously unstable.
You glow with magical radiation, making you easy to see and hit.
Foes you strike become dangerously contaminated with magical radiation.
You are incapable of wielding weapons or throwing items.
You cannot wear most types of armour.
You are amphibious.
You can wear up to eight rings at the same time.
Your skin changes colour to match your surroundings (Stealth+).
Your rubbery body absorbs attacks. (AC +1, EV +1)
((You are camouflaged when in or above water. (Stealth+)))
You have tentacles for arms and can constrict up to eight enemies at once.


Message History

You tentacle-slap the four-headed hydra.
The four-headed hydra glows dangerously bright.
You squeeze the four-headed hydra.
The four-headed hydra is lightly wounded.
The four-headed hydra misses you. x2; The four-headed hydra bites you!
* * * LOW HITPOINT WARNING * * *
The four-headed hydra closely misses you.
You feel much better. The four-headed hydra misses you.
The four-headed hydra barely misses you.
The four-headed hydra bites you!
The four-headed hydra bites you but does no damage.
You feel much better. The four-headed hydra bites you!
The four-headed hydra barely misses you.
The four-headed hydra bites you. The four-headed hydra bites you!
Okay, then.
Okay, then.
You tentacle-slap the four-headed hydra.
The four-headed hydra shudders as magic cascades through it!!
The four-headed hydra twists and deforms.
The four-headed hydra is heavily wounded.
The four-headed hydra closely misses you.
The four-headed hydra bites you.
The four-headed hydra completely misses you.
The four-headed hydra bites you!
* * * LOW HITPOINT WARNING * * *
You barely miss the four-headed hydra.
The four-headed hydra is heavily wounded.
The four-headed hydra bites you but does no damage.
The four-headed hydra bites you.
* * * LOW HITPOINT WARNING * * *
The four-headed hydra bites you!
* * * LOW HITPOINT WARNING * * *
The four-headed hydra closely misses you.
You bludgeon the four-headed hydra!
The four-headed hydra begins to glow.
The four-headed hydra is severely wounded.
The four-headed hydra completely misses you.
The four-headed hydra bites you.
* * * LOW HITPOINT WARNING * * *
The four-headed hydra bites you!
You die...

#..........#....#.......#...#[...
#..........#....#.......#...#....
#....#######..###.......#'###....
#....##...##..#........##...##...
......#.......#........#..)).#...
......#.......#........#.....#...
......'.......#........#.....#...
......#.......#..D.....#######...
#..[..#.......'.p.........Y......
#.....#.......#..........).......
#....##.......#..................
#....###+###..#..................
.....##...##[.#########..........
..........')....# #........>.
..........#.....# #..........
..........#.....# #..........
################# #..........


You could see a four-headed hydra (contam, misshapen).

Vanquished Creatures
  Gastronok (D:9)
  Harold (D:9)
  A deep elf pyromancer (D:9)
  Joseph (D:9)
  Jeremiah (D:9)
  Grinder (D:5)
  A troll (D:9)
  A queen bee (D:9)
  Sigmund (D:3)
  17 yaks
  2 wyverns
  A steam dragon (D:8)
  5 water moccasins
  Edmund (D:5)
  2 black bears
  Pargi (Sewer)
  2 orc warriors
  3 sky beasts
  5 ogres
  A phantom (D:6)
  A centaur (D:8)
  A kobold brigand (D:7)
  2 scorpions
  2 bullfrogs
  9 wights
  23 killer bees
  4 electric eels (D:8)
  2 hounds (D:6)
  4 orc priests
  6 jellies
  Ijyb (D:3)
  4 sleepcaps
  An iguana (D:5)
  Natasha (thrice) (D:3)
  13 orc wizards
  4 gnolls (D:5)
  11 adders
  2 river rats (D:4)
  4 white imps
  3 ufetubi
  2 worms
  3 dart slugs
  29 orcs
  3 bats
  17 endoplasms
  2 giant cockroaches
  7 goblins
  5 hobgoblins (D:1)
  7 jackals
  7 kobolds
  6 quokkas
  7 ball pythons
  3 frilled lizards
  4 rats
251 creatures vanquished.

Vanquished Creatures (others)
  An orc wizard (D:5)
1 creature vanquished.

Grand Total: 252 creatures vanquished

Notes
Turn   | Place    | Note
-------+----------+-------------------------------------------
     0 | D:1      | timneilson the Octopode Shapeshifter began the quest for
                  | the Orb.
     0 | D:1      | Reached XP level 1. HP: 13/13 MP: 1/1
    32 | D:1      | Found Miczi's Assorted Antiques.
   132 | D:1      | Reached XP level 2. HP: 16/18 MP: 2/2
   507 | D:1      | Reached XP level 3. HP: 19/23 MP: 3/3
   508 | D:1      | Reached skill level 1 in Stealth
   750 | D:2      | Found a glowing golden altar of the Shining One.
   786 | D:2      | Found a faded altar of an unknown god.
   788 | D:2      | Noticed an eye of devastation
   789 | D:2      | Noticed a golden eye
   789 | D:2      | Noticed a glass eye
   789 | D:2      | Noticed a golden eye
   984 | D:2      | Reached XP level 4. HP: 28/29 MP: 5/5
  1141 | D:2      | Found Yhoon's Weapon Shoppe.
  1189 | D:2      | Reached skill level 1 in Spellcasting
  1210 | D:2      | Found Usydeci's General Store.
  1443 | D:3      | Found Zin's Purification Station.
  1445 | D:3      | Found a glowing silver altar of Zin.
  1509 | D:3      | Noticed Ijyb
  1520 | D:3      | Killed Ijyb
  1763 | D:3      | Reached XP level 5. HP: 27/34 MP: 6/6
  1797 | D:3      | Noticed Natasha
  1810 | D:3      | Killed Natasha
  1913 | D:3      | Noticed Natasha
  1919 | D:3      | Killed Natasha
  1972 | D:3      | Noticed Natasha
  2162 | D:3      | Noticed Sigmund
  2164 | D:3      | Found Kybbuynt's Antique Weapon Shoppe.
  2169 | D:3      | Killed Sigmund
  2170 | D:3      | Reached skill level 4 in Unarmed Combat
  2170 | D:3      | Reached skill level 1 in Evocations
  2170 | D:3      | Reached XP level 6. HP: 41/41 MP: 6/8
  2460 | D:3      | Killed Natasha
  2672 | D:4      | Found a glowing drain.
  2676 | Sewer    | Entered a sewer
  2739 | Sewer    | Noticed Pargi
  2753 | Sewer    | Killed Pargi
  2754 | Sewer    | Reached XP level 7. HP: 21/46 MP: 9/9
  2976 | D:4      | Found Syxt's Assorted Antiques.
  3274 | D:4      | Reached skill level 1 in Shields
  3486 | D:5      | Entered Level 5 of the Dungeon
  3596 | D:5      | Reached XP level 8. HP: 10/54 MP: 9/11
  4036 | D:5      | Noticed Grinder
  4052 | D:5      | Killed Grinder
  4150 | D:5      | Noticed Edmund
  4157 | D:5      | Killed Edmund
  4158 | D:5      | Reached skill level 5 in Unarmed Combat
  4334 | D:5      | Found a shadowy altar of Dithmenos.
  4339 | D:5      | Reached skill level 5 in Shapeshifting
  4510 | D:5      | Found a runed translucent door.
  4511 | D:5      | Noticed Crazy Yiuf
  5127 | D:6      | Reached skill level 5 in Dodging
  5127 | D:6      | Reached XP level 9. HP: 48/59 MP: 13/13
  5131 | D:6      | Found Ziergh's Distillery.
  5392 | D:6      | Found Nicin's Antique Armour Shoppe.
  5478 | D:6      | Reached skill level 5 in Stealth
  5701 | D:6      | Reached skill level 5 in Fighting
  5873 | D:6      | Found Luosch's Weapon Boutique.
  5976 | D:6      | Reached skill level 6 in Unarmed Combat
  6209 | D:6      | Found Yxuappal's Magic Scroll Boutique.
  6215 | D:6      | Bought a scroll of identify for 26 gold pieces
  7186 | D:7      | Reached XP level 10. HP: 59/68 MP: 15/15
  7394 | D:7      | Found a staircase to the Ecumenical Temple.
  7403 | Temple   | Entered the Ecumenical Temple
  7479 | D:7      | Found a radiant altar of Vehumet.
  8057 | D:8      | Found Wony's Antique Weapon Boutique.
  8965 | D:9      | Reached skill level 7 in Unarmed Combat
  9260 | D:9      | Noticed a deep elf pyromancer
  9267 | D:9      | Killed a deep elf pyromancer
  9270 | D:9      | Noticed Joseph
  9277 | D:9      | Noticed Harold
  9404 | D:9      | Killed Harold
  9405 | D:9      | Reached XP level 11. HP: 30/74 MP: 17/17
  9409 | D:9      | Killed Joseph
  9649 | D:9      | Reached skill level 5 in Evocations
  9704 | D:9      | Learned a level 4 spell: Vhi's Electric Charge
  9962 | D:9      | Found a staircase to the Lair.
 10128 | D:9      | Noticed Gastronok
 10136 | D:9      | Killed Gastronok
 10534 | D:9      | Reached skill level 1 in Translocations
 10534 | D:9      | Reached skill level 1 in Air Magic
 10758 | D:9      | Found an ornate altar of the Wu Jian Council.
 10769 | D:9      | Noticed Jeremiah
 10812 | D:9      | Killed Jeremiah
 10813 | D:9      | Reached skill level 8 in Unarmed Combat
 11349 | D:10     | Entered Level 10 of the Dungeon
 11359 | D:10     | Noticed a four-headed hydra
 11427 | D:9      | Slain by a four-headed hydra

Illustrated notes

Levels and vault maps discovered:
D:1:      saegor_arrival_simple_e, layout_loops_cross, serial_shops,
          nicolae_shop_dealshenge, minmay_misc_feat_nine_boxes
D:2:      layout_basic, serial_shops, nicolae_shop_behind_doors,
          nicolae_diamond_shop, hellmonk_ecumenical_altar_watching_god,
          basic_altar
D:3:      layout_loops_corners, zin_purify, serial_shops,
          nicolae_shop_gibbet_a_chance, st_stairs_9, uniq_ijyb, uniq_natasha,
          uniq_sigmund
D:4:      layout_rooms, serial_shops, nicolae_shop_crystal,
          gup_sewer_entry_spiral
D:5:      layout_loops_ring, nicolae_dithmenos_the_darkroom, st_stairs_10,
          uniq_grinder, uniq_crazy_yiuf_cottage, uniq_edmund
D:6:      layout_loops_ring, serial_shops, shop, shop,
          nicolae_shop_behind_doors, nicolae_shop_trees,
          hangedman_decor_slide_cut
D:7:      layout_loops_ring, vehumet_statue, lemuel_temple_firewalk_b,
          kennysheep_generic_room_14
D:8:      layout_loops_cross, serial_shops, shop, water_maze_lemuel
D:9:      layout_gridville, nzn_wu_jian_contemplation, lair_entry_dummy,
          minivault_7, uniq_harold, uniq_joseph, uniq_gastronok, uniq_jeremiah
D:10:     layout_gridville, minitemple
Temple:   hellmonk_temple_rainy

Skill      XL: |  1  2  3  4  5  6  7  8  9 10 11 |
---------------+----------------------------------+-----
Stealth        | 1 2 3 4 5 6 7 |  7.2
Spellcasting   | 1 2 3 4 |  4.8
Fighting       | 2 3 4 5 6 7 |  7.5
Dodging        | 3 4 5 7 |  7.7
Unarmed Combat | 4 5 6 7 8 |  8.1
Evocations     | 1 2 3 4 5 |  5.4
Shapeshifting  | 4 5 6 7 |  7.5
Shields        | 1 2 3 4 |  4.9
Translocations | 1 |  1.6
Air Magic      | 1 |  1.4

Action                     |  1- 3 |  4- 6 |  7- 9 | 10-12 || total
---------------------------+-------+-------+-------+-------++-------
  Melee: Unarmed           |    58 |    67 |   175 |   278 ||   578
         Constrict         |    12 |    16 |    41 |    47 ||   116
         Tentacles         |     6 |    17 |    51 |    82 ||   156
         Punch             |     1 |     3 |     8 |     8 ||    20
  Evoke: Wand              |       |     1 |       |     8 ||     9
    Use: Scroll            |     3 |     6 |     8 |     2 ||    19
         Potion            |       |     1 |     3 |     3 ||     7
   Stab: Sleeping          |     4 |    12 |    14 |     8 ||    38
         Distracted        |       |       |       |     1 ||     1
 Armour: Skin              |    20 |    29 |    84 |   101 ||   234
  Dodge: Dodged            |    27 |    29 |    58 |   268 ||   382
  Block: Kite shield       |       |     7 |    39 |    99 ||   145
   Form: Flux              |       |       |       |     1 ||     1

Table legend: (Time is in decaauts)
 A = Elapsed time spent in this place.
 B = Non-inter-level travel time spent in this place.
 C = Inter-level travel time spent in this place.
 D = Time resting spent in this place.
 E = Time spent auto-exploring this place.
 F = Levels seen in this place.
 G = Mean time per level.
                   A        B        C        D        E       F      G
               +--------+--------+--------+--------+--------+-----+--------+
         Total |  11442 |  11055 |    387 |   2443 |   5263 |  12 |  953.5 |
       Dungeon |  11240 |  10853 |    387 |   2443 |   5169 |  10 | 1124.0 |
        Temple |      1 |      1 |      0 |      0 |      0 |   1 |    1.0 |
         Sewer |    201 |    201 |      0 |      0 |     94 |   1 |  201.0 |
               +--------+--------+--------+--------+--------+-----+--------+

Top non-repeatable levels by time:
     D:9: 1802 daAuts
     D:8: 1775 daAuts
     D:7: 1475 daAuts
     D:5: 1245 daAuts
     D:6: 1204 daAuts
     D:3: 1136 daAuts
     D:4: 1075 daAuts
     D:1: 746 daAuts
     D:2: 710 daAuts
   Sewer: 201 daAuts
    D:10: 67 daAuts
  Temple: 1 daAuts
